gg

Match 18013337
End
Construct Barracks
Selects Special Operations Battlegroup
Selects Special Operations Battlegroup
Selects M29 Weasel Recon Vehicle
M29 Weasel Recon Vehicle
Riflemen Squad
Riflemen Squad
Engineer Squad
Grenade Package
Infantry Support Center
Construct Motor Pool
M1 Mortar Team
Selects Raiding Flares
Raiding Flares
M24 Chaffee Light Tank
Construct Medical Station
M1918 Browning Automatic Rifles
Selects SSF Commando Squad
Raiding Flares
SSF Commando Squad
Construct Tank Depot
Raiding Flares
M4(105) Sherman Bulldozer
SSF Commando Squad
Selects Mark Vehicle
Selects M4A1 Sherman Whizbang
M18 Hellcat Tank Destroyer
Advanced Logistics
Raiding Flares
M18 Hellcat Tank Destroyer
Raiding Flares
Engineer Squad
Raiding Flares
M4A1 Sherman Whizbang
M18 Hellcat Tank Destroyer
Raiding Flares
Raiding Flares
M18 Hellcat Tank Destroyer
Selects Air Re-supply Operation
M18 Hellcat Tank Destroyer
Raiding Flares
M4A1 Sherman Whizbang
Raiding Flares
Mark Vehicle
M4A1 Sherman Whizbang
Raiding Flares
Raiding Flares
M4A1 Sherman Whizbang
Raiding Flares
Riflemen Squad
Rommels Zirkus
PlammX
Drink||Scotch
SexN
0
0

Comments sign in to comment!

No comments posted yet!